 Dungeon Crawl Stone Soup version 0.31.0-9-g3a7656b989 (webtiles) character file.

Game seed: 15850679328091164256

105 qw the Shooter (level 4, -3/36 HPs)
             Began as a Demigod Hunter on Feb 2, 2024.
             Slain by an iguana (11 damage)
             ... on level 4 of the Dungeon.
             The game lasted 00:00:09 (2865 turns).

qw the Shooter (Demigod Hunter)                     Turns: 2865, Time: 00:00:09

Health: -3/36      AC:  6    Str: 12    XL:     4   Next: 29%
Magic:  6/6        EV: 12    Int: 11    God:
Gold:   105        SH:  0    Dex: 21    Spells: 3/3 levels left

rFire   . . .        a - +2 shortbow
rCold   . . .        (shield currently unavailable)
rNeg    . . .        c - +0 leather armour
rPois   .            f - +0 helmet
rElec   .            (no cloak)
rCorr   .            (no gloves)
SInv    .            j - +1 pair of boots
Will    .....        d - amulet of the acrobat
Stlth   ++           (no ring)
HPRegen 0.26/turn    (no ring)
MPRegen 0.10/turn

%: acrobat
@: about to teleport
A: high MP 1, forlorn, divine attributes
a: no special abilities


You were on level 4 of the Dungeon.
You visited 1 branch of the dungeon, and saw 4 of its levels.

You collected 144 gold pieces.
You spent 39 gold pieces at shops.


Innate Abilities, Weirdness & Mutations

You have an increased reservoir of magic. (+10% MP)
You shall have no god before yourself.
Your divine heritage dramatically boosts your attributes as you level up.


   Skills:
 - Level 2.0 Fighting
 + Level 5.3 Ranged Weapons
 - Level 2.0 Dodging
 - Level 0.8 Stealth


You had 3 spell levels left.
You didn't know any spells.
Your spell library was empty.

Inventory:

Hand Weapons
 a - a +2 shortbow (weapon)
Armour
 c - a +0 leather armour (worn)
 f - a +0 helmet (worn)
 j - a +1 pair of boots (worn)
Jewellery
 d - an amulet of the acrobat (around neck)
 n - a ring of fire
Wands
 l - a wand of mindburst (14)
Scrolls
 h - 4 scrolls of teleportation
Potions
 e - 3 potions of mutation
 g - a potion of heal wounds
 k - a potion of enlightenment {unknown}

Dungeon Overview and Level Annotations

Branches:
Dungeon (4/15)
 Temple: D:4-7

Shops:
D:1 ?


Message History

The iguana is lightly wounded.
The iguana bites you.
You shoot an arrow.
The arrow hits the iguana but does no damage.
The iguana is lightly wounded.
The iguana barely misses you.
You shoot an arrow. The arrow barely misses the iguana.
The iguana completely misses you.
You shoot an arrow. The arrow completely misses the iguana.
The iguana barely misses you.
You shoot an arrow. The arrow hits the iguana.
The iguana is moderately wounded.
The iguana closely misses you. The iguana barely misses you.
You shoot an arrow. The arrow hits the iguana.
The iguana is heavily wounded.
The iguana bites you but does no damage.
You shoot an arrow. The arrow hits the iguana.
The iguana is severely wounded.
The iguana bites you!
You shoot an arrow.
The arrow hits the iguana but does no damage.
The iguana is severely wounded.
The iguana barely misses you.
You shoot an arrow.
The arrow hits the iguana but does no damage.
The iguana is severely wounded.
The iguana bites you!
You shoot an arrow.
The arrow hits the iguana but does no damage.
The iguana is severely wounded.
The iguana bites you but does no damage.
You shoot an arrow.
The arrow hits the iguana but does no damage.
The iguana is severely wounded.
The iguana bites you!
2865 ||| READING 5 scrolls of teleportation.
As you read the scroll of teleportation, it crumbles to dust.
You feel strangely unstable. The iguana bites you!
You die...

######... ################
##........
#...^..........######..######.
#.#####.......%.......##
#..<##.........####...##
#)#.##..#####.####.....# ..
#.....#####>#........# .
###......##.#.##.....#
#.....##.##.#@###...##
#....###....l.# ##.## ...#..#
####.### #)# #....... ...# #.#
##.##..## ###.# #.# #. #..#
#.# #. #..#


You could see an iguana.

Vanquished Creatures
  4 adders
  A ribbon worm (D:2)
  An orc (D:2)
  6 endoplasms
  A giant cockroach (D:1)
  5 goblins
  5 hobgoblins
  4 jackals (D:1)
  9 kobolds
  3 quokkas
  9 ball pythons
  8 bats
  6 frilled lizards
  A rat (D:1)
63 creatures vanquished.

Notes
Turn   | Place    | Note
-------+----------+-------------------------------------------
     0 | D:1      | qw the Demigod Hunter began the quest for the Orb.
     0 | D:1      | Reached XP level 1. HP: 17/17 MP: 3/3
     0 | D:1      | 0 ||| qw: Version: 0.3-a-155-g5e7d8dd
     0 | D:1      | 0 ||| qw: Game counter: 251
     0 | D:1      | 0 ||| qw: Melee chars always use a shield: true
     0 | D:1      | 0 ||| qw: God list: Okawaru
     0 | D:1      | 0 ||| qw: Allow faded altars: false
     0 | D:1      | 0 ||| qw: Do Orc after clearing Dungeon:15 true
     0 | D:1      | 0 ||| qw: Do second Lair branch before Depths: true
     0 | D:1      | 0 ||| qw: Lair rune preference: random
     0 | D:1      | 0 ||| qw: Goals: Normal
     0 | D:1      | 0 ||| PLANNING D:1-11
   208 | D:1      | Reached skill level 4 in Ranged Weapons
   384 | D:1      | Reached XP level 2. HP: 24/24 MP: 4/4
   652 | D:1      | Found The Oracle's Delphic Readings.
   661 | D:1      | 661 ||| BUYING scroll of teleportation (39 gold).
   661 | D:1      | Bought a scroll of teleportation for 39 gold pieces
   970 | D:1      | 970 ||| READING scroll labelled IBOALAHIARR.
   971 | D:1      | 971 ||| READING scroll labelled YFEBBU UFASSO.
  1072 | D:1      | 1072 ||| READING scroll labelled OXTOQO UCSAOWK.
  1072 | D:1      | 1072 ||| IDENTIFYING murky amethyst potion
  1073 | D:1      | 1073 ||| READING scroll labelled OTUC QOKETIJY.
  1073 | D:1      | 1073 ||| ENCHANTING +0 shortbow.
  1074 | D:1      | 1074 ||| DROPPING scroll of butterflies.
  1118 | D:2      | 1118 ||| STAIRDANCE
  1124 | D:2      | 1124 ||| STAIRDANCE
  1131 | D:2      | 1131 ||| STAIRDANCE
  1161 | D:2      | 1161 ||| STAIRDANCE
  1164 | D:1      | Reached XP level 3. HP: 29/29 MP: 5/5
  1748 | D:2      | Reached skill level 5 in Ranged Weapons
  1752 | D:2      | HP: 7/29 [poisoned by an adder]
  2174 | D:2      | 2174 ||| UPGRADING to +0 helmet.
  2179 | D:2      | 2179 ||| UPGRADING to amulet of the acrobat.
  2184 | D:2      | 2184 ||| DROPPING ring of magical power.
  2185 | D:2      | 2185 ||| READING scroll of identify.
  2185 | D:2      | 2185 ||| IDENTIFYING smoky clear potion
  2186 | D:2      | 2186 ||| READING scroll labelled MOHOBR FUUR.
  2308 | D:3      | 2308 ||| READING scroll of enchant weapon.
  2308 | D:3      | 2308 ||| ENCHANTING +1 shortbow.
  2333 | D:3      | Reached XP level 4. HP: 36/36 MP: 6/6
  2666 | D:3      | 2666 ||| UPGRADING to +1 pair of boots.
  2671 | D:3      | 2671 ||| READING scroll of identify.
  2671 | D:3      | 2671 ||| IDENTIFYING metallic sapphire potion
  2672 | D:3      | 2672 ||| READING scroll labelled HIGYRAIRCHEWNO.
  2773 | D:3      | 2773 ||| READING scroll labelled DEFI FIETOITHRA.
  2774 | D:3      | 2774 ||| DROPPING potion of ambrosia.
  2864 | D:4      | HP: 8/36 [iguana (7)]
  2865 | D:4      | 2865 ||| READING 5 scrolls of teleportation.
  2865 | D:4      | Slain by an iguana

Levels and vault maps discovered:
D:1:      matt_arrival_refuge, layout_basic, hangedman_decor_growths,
          chequers_serial_rivers_large_b, minivault_26,
          nicolae_nh_oracle_at_delphi
D:2:      layout_loops_corners, st_stairs_11
D:3:      layout_rooms, mainiacjoe_overflow_catwalk, lemuel_tele_altar
D:4:      gammafunk_wand_slinger, layout_loops_ring,
          nicolae_qazlal_eye_of_the_storm, minmay_temple_entry_grid

Skill      XL: |  1  2  3 |
---------------+----------+-----
Ranged Weapons | 4 5 |  5.3
Fighting       | 2 |  2.0
Dodging        | 2 |  2.0
Stealth        | |  0.8

Action                     |  1- 3 |  4- 6 || total
---------------------------+-------+-------++-------
   Fire: Shortbow          |   128 |    41 ||   169
    Use: Scroll            |     7 |     4 ||    11
 Armour: Leather armour    |    50 |    11 ||    61
  Dodge: Dodged            |    61 |     7 ||    68

Table legend:
 A = Non-vault XP
 B = Vault XP
 C = Vault XP percentage of total XP
 D = Non-vault monster count
 E = Vault monster count
 F = Vault count percentage of total count
                 A         B        C        D         E       F
            +---------+---------+-------+---------+---------+-------
      Total |     140 |      11 |   7.3 |      57 |       6 |   9.5
            +---------+---------+-------+---------+---------+-------
        D:1 |      44 |       4 |   8.3 |      29 |       3 |   9.4
        D:2 |      58 |       7 |  10.8 |      13 |       3 |  18.8
        D:3 |      17 |       0 |   0.0 |      10 |       0 |   0.0
        D:4 |      21 |       0 |   0.0 |       5 |       0 |   0.0
            +---------+---------+-------+---------+---------+-------
